 Dungeon Crawl Stone Soup version 0.21.1-1-g345015fe64 (webtiles) character file.

8015 Peloso the Carver (level 11, 0/100 HPs)
             Began as a Deep Dwarf Fighter on Apr 16, 2018.
             Was an Initiate of Trog.
             Slain by a yak (2 damage)
             ... on level 10 of the Dungeon.
             The game lasted 00:27:16 (8062 turns).

Peloso the Carver (Deep Dwarf Fighter)              Turns: 8062, Time: 00:27:16

Health: 0/100      AC: 15    Str: 23    XL:     11   Next: 4%
Magic:  4/4        EV: 12    Int: 14    God:    Trog [......]
Gold:   376        SH:  0    Dex: 12    Spells: 10/10 levels left

rFire    . . .     SeeInvis .   a - +9 falchion "Oludiod" {slice, *Noise Int+5 Stlth+}
rCold    . . .     Gourm    .   (no shield)
rNeg     . . .     Faith    .   A - +0 plate armour
rPois    .         Spirit   .   i - +0 helmet
rElec    .         Reflect  .   (no cloak)
rCorr    .         Harm     .   (no gloves)
MR       +....                  (no boots)
Stlth    ..........             (no amulet)
HPRegen  0.00/turn              z - ring of loudness (curse)
MPRegen  0.09/turn              x - +4 ring of evasion

@: about to teleport, non-regenerating
A: damage resistance, heal wounds, sense surroundings 2, no regeneration
a: Heal Wounds, Burn Spellbooks, Renounce Religion


You were on level 10 of the Dungeon.
You worshipped Trog.
Trog was noncommittal.
You were not hungry.

You visited 2 branches of the dungeon, and saw 11 of its levels.

You collected 634 gold pieces.
You spent 258 gold pieces at shops.

Inventory:

Hand Weapons
 a - the +9 falchion "Oludiod" (weapon) {slice, *Noise Int+5 Stlth+}
   (You found it on level 8 of the Dungeon)

   It inflicts extra damage upon your enemies.
   It affects your intelligence (+5).
   It may make noises in combat.
   It makes you more stealthy.
 d - a +1 long sword of protection
 C - a +3 scimitar
Armour
 i - a +0 helmet (worn)
 q - a scarf of spirit shield
 r - a +2 shield of reflection
 A - a +0 plate armour (worn)
 E - the +2 scale mail of the Boiling Point {Int+3 SInv, unknown}
   (You found it on level 9 of the Dungeon)

   It affects your intelligence (+3).
   It lets you see invisible.
Jewellery
 c - an uncursed ring of protection from cold
 k - an uncursed ring of ice
 x - a +4 ring of evasion (right hand)
 z - a cursed ring of loudness (left hand)
Wands
 b - a wand of acid (12)
 l - a wand of paralysis (10)
 w - a wand of scattershot (5)
 G - a wand of polymorph (15)
Scrolls
 g - 4 scrolls of remove curse
 h - a scroll of fog
 j - a scroll of enchant armour
 s - 3 scrolls of teleportation
 u - 4 scrolls of amnesia
 y - a scroll of magic mapping {unknown}
 B - a scroll of fear
 D - a scroll of identify
 F - a scroll of enchant weapon
Potions
 e - a potion of mutation
 m - 2 potions of curing
 n - a potion of haste
 o - 2 potions of might
 p - a potion of lignification
 t - a potion of magic
 H - a potion of berserk rage {unknown}
Books
 v - a book of Battle

   Spells                             Type                      Level
   a - Infusion                       Charms                       1
   b - Shroud of Golubria             Charms/Translocation         2
   c - Song of Slaying                Charms                       2
   d - Spectral Weapon                Hexes/Charms                 3
   e - Regeneration                   Charms/Necromancy            3
   Trog disapproves of the use of such an item.
Comestibles
 f - 15 rations
 I - a chunk of flesh


   Skills:
 + Level 7.3 Fighting
 + Level 12.3 Long Blades
 + Level 8.4 Armour
 + Level 2.5 Dodging
 + Level 2.3 Stealth
 + Level 6.2 Shields


You had 10 spell levels left.
You didn't know any spells.

Dungeon Overview and Level Annotations

Branches:
Dungeon (10/15)            Temple (1/1) D:6
   Lair: D:8-11         Orc: D:9-12

Altars:
Ashenzari
Elyvilon
Fedhas
Gozag
Kikubaaqudgha
Makhleb
Qazlal
Ru
Sif Muna
Trog
Uskayaw
Vehumet
Wu Jian
Xom
Zin
The Shining One

Shops:
D:4 *   D:6 *


Innate Abilities, Weirdness & Mutations

You are resistant to damage.
You can heal yourself by infusing magical energy.
You passively map the area around you.
You do not regenerate.


Message History

* * * LOW HITPOINT WARNING * * *
The orc priest calls down the wrath of Beogh upon you.
Beogh smites you!
* * * LOW HITPOINT WARNING * * *
The bullfrog zombie hits you but does no damage.
An orc comes into view. It is wielding a falchion.
As you read the scroll of teleportation, it crumbles to dust.
You feel strangely unstable. The yak gores you!
* * * LOW HITPOINT WARNING * * *
The bullfrog zombie barely misses you.
You riposte.
You closely miss the bullfrog zombie.
The bullfrog zombie is almost destroyed.
You slash the bullfrog zombie!
You destroy the bullfrog zombie!
Trog accepts your kill.
The orc priest invokes the aid of Beogh against you.
Beogh smites you!
* * * LOW HITPOINT WARNING * * *
The yak gores you.
You die...

.##........... , , *
............[. , ,,
.........######* .,
...##.#........ , , , .≈≈
* ...##.#.######### , ..≈
, .#....#.##...... , .o..
, .#............#####o..
,, .#.#####......##.Yo####
* ,
##...........##@#....## ,
.......#......##Y#......,,
,,
.#.....#.......YY....... *
, #.....#..#.........#...,
.......##.#.###.........,
* ........................
,+
.......##.#.#Y#.........
...........<..#######... ,
, ............# ... ,,


You could see 3 yaks, an ice beast, 2 orc priests and an orc.

Vanquished Creatures
  A two-headed ogre (D:8)
  The ghost of Lusmu the Summoner, a novice TeSu of Nemelex Xobeh (D:9)
  Pikel (D:8)
  Maurice (D:8)
  2 trolls (D:9)
  A queen bee (D:8)
  Grinder (D:3)
  Sigmund (D:3)
  6 yaks
  4 orc warriors
  2 slaves (D:8)
  A phantom (D:7)
  5 ice beasts
  A black bear (D:7)
  5 sky beasts
  An ogre (D:4)
  A necrophage (D:9)
  2 centaurs
  A crocodile (D:7)
  3 bullfrogs
  2 scorpions (D:6)
  A water moccasin skeleton (D:4)
  21 killer bees (D:8)
  3 wights (D:5)
  3 howler monkeys
  2 crimson imps
  2 bullfrog zombies
  A jelly (D:5)
  2 bullfrog skeletons
  3 orc priests
  2 hounds
  A centaur skeleton (D:4)
  4 orc wizards
  Jessica (D:2)
  An iguana (D:9)
  7 worker ants
  A hound skeleton (D:6)
  A howler monkey skeleton (D:4)
  7 adders
  4 shadow imps (D:6)
  An ooze (D:2)
  An adder skeleton (D:3)
  An adder zombie (D:7)
  4 leopard geckos
  28 orcs
  3 ball pythons
  8 bats
  10 giant cockroaches
  10 goblins
  8 hobgoblins
  12 jackals
  2 quokkas
  4 frilled lizards
  7 kobolds
  A quokka skeleton (D:4)
  10 rats
220 creatures vanquished.

Notes
Turn   | Place    | Note
-------+----------+-------------------------------------------
     0 | D:1      | Peloso the Deep Dwarf Fighter began the quest for the Orb.
     0 | D:1      | Reached XP level 1. HP: 20/20 MP: 1/1
   147 | D:1      | Reached XP level 2. HP: 23/28 MP: 2/2
   393 | D:1      | Reached XP level 3. HP: 19/34 MP: 3/3
   664 | D:2      | Noticed Jessica
   685 | D:2      | Killed Jessica
   685 | D:2      | Reached skill level 3 in Long Blades
   685 | D:2      | Reached XP level 4. HP: 4/42 MP: 4/4
  1298 | D:3      | Noticed Sigmund
  1305 | D:3      | Killed Sigmund
  1305 | D:3      | Reached skill level 4 in Long Blades
  1305 | D:3      | Reached skill level 1 in Dodging
  1305 | D:3      | Reached XP level 5. HP: 37/49 MP: 4/4
  1305 | D:3      | Reached XP level 6. HP: 42/56 MP: 5/5
  1466 | D:3      | Noticed Grinder
  1501 | D:3      | Killed Grinder
  1501 | D:3      | Reached skill level 5 in Long Blades
  1768 | D:4      | Found Viuxtina's General Store.
  1773 | D:4      | Bought a potion of curing for 36 gold pieces
  1996 | D:4      | Reached XP level 7. HP: 54/63 MP: 6/6
  2122 | D:4      | Reached skill level 1 in Stealth
  2171 | D:4      | Reached skill level 5 in Shields
  2292 | D:4      | Reached skill level 6 in Long Blades
  2458 | D:5      | Entered Level 5 of the Dungeon
  2746 | D:5      | Reached XP level 8. HP: 33/72 MP: 7/7
  2757 | D:5      | Reached skill level 5 in Armour
  3274 | D:5      | Reached skill level 7 in Long Blades
  3404 | D:4      | Bought a +2 shield of reflection for 222 gold pieces
  3787 | D:6      | Found Ymaat's Assorted Antiques.
  3894 | D:6      | Found a burning altar of Makhleb.
  3980 | D:6      | Found a staircase to the Ecumenical Temple.
  4000 | D:6      | Reached skill level 8 in Long Blades
  4285 | D:6      | Reached skill level 5 in Fighting
  4604 | D:7      | Gained mutation: You passively map the area around you. [Deep Dwarf growth]
  4604 | D:7      | Reached XP level 9. HP: 64/81 MP: 6/6
  4996 | D:7      | Reached skill level 9 in Long Blades
  5381 | D:8      | Noticed Maurice
  5395 | D:8      | Killed Maurice
  5395 | D:8      | Reached skill level 10 in Long Blades
  5438 | D:8      | Noticed a two-headed ogre
  5456 | D:8      | Killed a two-headed ogre
  5456 | D:8      | Reached XP level 10. HP: 20/91 MP: 7/7
  5841 | D:8      | Reached skill level 11 in Long Blades
  6210 | D:8      | Noticed Pikel
  6231 | D:8      | Killed Pikel
  6290 | D:8      | Got a twisted falchion
  6291 | D:8      | Identified the +9 falchion "Oludiod" {slice, *Noise Int+5 Stlth+} (You found it on level 8 of the Dungeon)
  6861 | D:9      | Noticed Lusmu's ghost (novice TeSu)
  6871 | D:9      | Killed Lusmu's ghost
  6871 | D:9      | Reached skill level 12 in Long Blades
  6998 | Temple   | Entered the Ecumenical Temple
  7042 | Temple   | Became a worshipper of Trog the Wrathful
  7350 | D:9      | Got an agate-encrusted scale mail
  7468 | D:9      | Found a deep blue altar of Sif Muna.
  7744 | D:10     | Entered Level 10 of the Dungeon
  7744 | D:10     | Found a white marble altar of Elyvilon.
  7921 | D:9      | Reached XP level 11. HP: 34/100 MP: 5/5
  8062 | D:10     | HP: 2/100 [orc priest/divine providence (6)]
  8062 | D:10     | Slain by a yak

Skill      XL: |  1  2  3  4  5  6  7  8  9 10 |
---------------+-------------------------------+-----
Fighting       | 3 4 5 6 7 |  7.3
Long Blades    | 3 4 5 6 8 10 12 | 12.3
Dodging        | 1 2 |  2.5
Shields        | 4 5 6 |  6.2
Armour         | 4 5 6 8 |  8.4
Stealth        | 1 2 |  2.3

Action                   |  1- 3 |  4- 6 |  7- 9 | 10-12 || total
-------------------------+-------+-------+-------+-------++-------
Melee: Long sword        |   139 |   141 |   451 |   161 ||   892
       Falchion          |       |       |       |   134 ||   134
 Abil: Heal Wounds       |       |     2 |     6 |     9 ||    17
  Use: Scroll            |       |     5 |     7 |     3 ||    15
       Potion            |       |     6 |     4 |     1 ||    11
  Eat: Chunk             |       |     4 |     8 |     6 ||    18
       Ration            |       |       |     1 |     1 ||     2
Armor: Scale mail        |    65 |    45 |       |       ||   110
       Chain mail        |       |    12 |   174 |       ||   186
       Plate armour      |       |       |    46 |   171 ||   217
Dodge: Dodged            |    40 |    25 |   214 |   180 ||   459
Block: Shield            |    69 |    79 |    97 |       ||   245
       Rpst.: Long sword |    10 |    11 |    73 |    36 ||   130
       Falchion          |       |       |       |    13 ||    13
